 Dungeon Crawl Stone Soup version 0.29.0-7-g18a832c13a (webtiles) character file.

Game seed: 17607867630116261838

1185 Strat the Cleaver (level 8, -1/62 HPs)
             Began as a Formicid Cinder Acolyte on Aug 30, 2022.
             Was a High Priest of Ignis.
             Slain by Duvessa
             ... wielding a +0 rapier
              (10 damage)
             ... on level 5 of the Dungeon.
             The game lasted 00:13:18 (7375 turns).

Strat the Cleaver (Formicid Cinder Acolyte)         Turns: 7375, Time: 00:13:19

Health: -1/62      AC:  6    Str: 19    XL:     8   Next: 70%
Magic:  4/9        EV: 10    Int: 14    God:    Ignis [*****.]
Gold:   280        SH:  0    Dex: 11    Spells: 7/9 levels left

rFire   + . .      SeeInvis +   a - +0 hand axe (flame)
rCold   . . .      Faith    .   (no shield)
rNeg    + . .      Spirit   .   c - +0 ring mail
rPois   +          Reflect  .   (helmet unavailable)
rElec   .          Harm     .   u - +0 cloak
rCorr   .          Rampage  .   (no gloves)
Will    .....                   (no boots)
Stlth   +.........              (no amulet)
HPRegen 0.20/turn               e - ring of poison resistance
MPRegen 0.11/turn               t - ring of positive energy

@: no status effects
A: permanent stasis, dig shafts and tunnels, antennae 3, four strong arms
a: Dig, Shaft Self, Renounce Religion, Fiery Armour, Foxfire Swarm, Rising Flame


You were on level 5 of the Dungeon.
You worshipped Ignis.
Ignis was extremely pleased with you.
You visited 1 branch of the dungeon, and saw 5 of its levels.

You collected 280 gold pieces.

Inventory:

Hand Weapons
 a - a +0 hand axe of flaming (weapon)
 n - a +0 sling
 q - a +0 club
Missiles
 r - 8 boomerangs
 s - 6 poisoned darts
Armour
 b - a +0 robe
 c - a +0 ring mail (worn)
 o - +0 fire dragon scales
 u - a +0 cloak (worn)
Jewellery
 e - a ring of poison resistance (left hand)
 j - a ring of resist corrosion
 t - a ring of positive energy (right hand)
Wands
 m - a wand of digging (2)
Scrolls
 g - a scroll of amnesia
 i - 3 scrolls of immolation
Potions
 d - 2 potions of lignification
 f - a potion of flight {unknown}
 k - a potion of brilliance {unknown}
 l - 4 potions of curing
 p - a potion of mutation {unknown}


   Skills:
 - Level 5.0 Fighting
 + Level 9.7 Axes
 - Level 1.1 Spellcasting
 - Level 3.0 Fire Magic


You had 7 spell levels left.
You knew the following spells:

 Your Spells              Type           Power      Damage    Failure   Level
a - Scorch                Fire           18%        2d5       21%         2

Your spell library contained the following spells:

 Spells                   Type           Power      Damage    Failure   Level
 Frozen Ramparts          Ice            0%         1d1       80%         3
 Portal Projectile        Hex/Tloc       0%         N/A       80%         3
 Tukima's Dance           Hex            0%         N/A       80%         3
 Ice Form                 Ice/Tmut       0%         N/A       99%         4
 Summon Ice Beast         Ice/Summ       0%         N/A       99%         4
 Blade Hands              Tmut           0%         N/A       100%        5


Dungeon Overview and Level Annotations

Branches:
Dungeon (5/15)
 Temple: D:4-7

Altars:
Kikubaaqudgha
Makhleb
Sif Muna
Trog
Uskayaw
Wu Jian
Xom
Yredelemnul

Shops:
D:3 :

Annotations:
D:3 Pargi
D:5 Duvessa


Innate Abilities, Weirdness & Mutations

You cannot be hasted, slowed, berserked, paralysed or teleported.
You can dig through walls and to a lower floor.
You have a pair of large antennae on your head. (SInv)
Your four strong arms can wield two-handed weapons with a shield.


Message History

You feel much better. Duvessa hits you with a +0 rapier! x2
* * * LOW HITPOINT WARNING * * *
You feel much better.
Duvessa is no longer more vulnerable to fire.
Duvessa barely misses you.
You hit Duvessa. You burn Duvessa.
Duvessa is moderately wounded.
Duvessa closely misses you.
You completely miss Duvessa.
Duvessa is moderately wounded.
Duvessa hits you with a +0 rapier!
You closely miss Duvessa.
Duvessa is moderately wounded.
Duvessa hits you but does no damage. Duvessa barely misses you.
Your magical contamination has completely faded away.
You hit Duvessa. You burn Duvessa.
Duvessa is moderately wounded.
Duvessa hits you with a +0 rapier.
You hit Duvessa. You burn Duvessa.
Duvessa is heavily wounded.
Duvessa hits you with a +0 rapier!
* * * LOW HITPOINT WARNING * * *
You hit Duvessa. You burn Duvessa.
Duvessa is heavily wounded.
Duvessa barely misses you.
You hit Duvessa. You burn Duvessa.
Duvessa is severely wounded.
Duvessa hits you with a +0 rapier!
* * * LOW HITPOINT WARNING * * *
Duvessa hits you with a +0 rapier.
* * * LOW HITPOINT WARNING * * *
You closely miss Duvessa.
Duvessa is severely wounded.
Duvessa hits you but does no damage.
You hit Duvessa. You burn Duvessa.
Duvessa is severely wounded.
Duvessa hits you with a +0 rapier!
* * * LOW HITPOINT WARNING * * *
Duvessa hits you with a +0 rapier!
You die...

....#. .. ....# #.
##.#.##### . #..
#......... ...#..
##........# ......
##.......# .##.#
#.......# # ##...e...#
#...@..### #######
#......#####~~~~~####
##.......##~~~~~~~#..
##........##~~...~~##.
##..........'..._.~~##.
#..........##~~...~~#..
##.........##~~~~~~~#..
#.###.....###~~~~~##..
## ##......#######...


You could see Duvessa (berserk).

Vanquished Creatures
  Eustachio (D:5)
  Edmund (D:4)
  An ice beast (D:4)
  An ogre (D:5)
  2 phantoms (D:4)
  Blork the orc (D:5)
  A necrophage (D:5)
  A scorpion (D:5)
  Dowan (D:5)
  A jelly (D:4)
  A gnoll bouda (D:5)
  A hound (D:4)
  2 iguanas (D:4)
  7 gnolls
  9 adders
  An ufetubus (D:4)
  2 worms
  2 dart slugs (D:2)
  8 orcs
  5 endoplasms
  5 giant cockroaches
  5 goblins
  2 hobgoblins
  2 quokkas
  7 ball pythons
  A bat (D:2)
  5 frilled lizards
  9 kobolds
  3 rats
88 creatures vanquished.

Vanquished Creatures (others)
  A hound (D:5)
  An adder (D:5)
  A fungus (D:3)
  4 plants (D:3)
7 creatures vanquished.

Grand Total: 95 creatures vanquished

Notes
Turn   | Place    | Note
-------+----------+-------------------------------------------
     0 | D:1      | Strat the Formicid Cinder Acolyte began the quest for the
                  | Orb.
     0 | D:1      | Reached XP level 1. HP: 18/18 MP: 2/2
  1054 | D:1      | Reached XP level 2. HP: 24/24 MP: 3/3
  1057 | D:1      | Learned a level 2 spell: Scorch
  2000 | D:2      | Reached skill level 4 in Axes
  2000 | D:2      | Reached XP level 3. HP: 10/29 MP: 0/4
  2645 | D:3      | Found Cogaejod's Vocational Training.
  2662 | D:3      | Reached XP level 4. HP: 35/35 MP: 1/5
  2970 | D:3      | Reached skill level 5 in Axes
  3153 | D:3      | Noticed Pargi
  3431 | D:4      | Reached XP level 5. HP: 38/41 MP: 1/6
  3820 | D:4      | Noticed a phantom
  3928 | D:4      | Reached skill level 6 in Axes
  4449 | D:3      | Found a faded altar of an unknown god.
  4494 | D:3      | Reached XP level 6. HP: 47/47 MP: 4/7
  4933 | D:4      | Reached skill level 7 in Axes
  5002 | D:5      | Entered Level 5 of the Dungeon
  5023 | D:5      | Found an ancient bone altar of Kikubaaqudgha.
  5024 | D:5      | Found an ornate altar of the Wu Jian Council.
  5028 | D:5      | Found a bloodstained altar of Trog.
  5028 | D:5      | Noticed Edmund
  5065 | D:5      | Noticed an ice beast
  5078 | D:4      | Killed an ice beast
  5079 | D:4      | Reached XP level 7. HP: 40/53 MP: 2/8
  5191 | D:5      | Noticed Eustachio
  5858 | D:4      | Killed Edmund
  6093 | D:5      | Reached skill level 5 in Fighting
  6093 | D:5      | Reached skill level 8 in Axes
  6093 | D:5      | Reached XP level 8. HP: 57/62 MP: 2/9
  6182 | D:5      | Noticed Duvessa
  6182 | D:5      | Noticed Dowan
  6661 | D:5      | Killed Eustachio
  6721 | D:5      | Reached skill level 9 in Axes
  6874 | D:5      | Noticed Blork the orc
  6888 | D:5      | Killed Blork the orc
  6990 | D:5      | Found a hide-covered altar of Uskayaw.
  7117 | D:5      | Found a shimmering altar of Xom.
  7120 | D:5      | Found a basalt altar of Yredelemnul.
  7121 | D:5      | Found a burning altar of Makhleb.
  7185 | D:5      | Killed Dowan
  7345 | D:5      | Found a shimmering blue altar of Sif Muna.
  7375 | D:5      | Slain by Duvessa

Illustrated notes

Levels and vault maps discovered:
D:1:      sevenhm_arrival_forest_fort_small_3, layout_loops_corners,
          chequers_serial_rivers_room_b, kennysheep_pointless_box,
          grunt_decor_junction
D:2:      layout_loops_ring, serial_aquarium, aquarium_bridge_straight
          [aquarium_subvault_bridge, aquarium_subvault_window,
          aquarium_subvault_bridge, aquarium_subvault_wall],
          aquarium_bridge_square [aquarium_subvault_bridge,
          aquarium_subvault_bridge, aquarium_subvault_window,
          aquarium_subvault_wall], aquarium_window_3, aquarium_window_2,
          aquarium_window_2, aquarium_window_2, aquarium_view_2d,
          aquarium_pool_2
D:3:      layout_rooms, shapermc_ecumenical_altar_mp_ritualfount,
          nicolae_shop_vocational, uniq_pargi
D:4:      layout_loops_ring
D:5:      layout_cave_pools, led_sif_pool, grunt_temple_overflow_open,
          serial_shops, nicolae_take_the_stairs, lemuel_flamethrower_2,
          uniq_eustachio, uniq_duvessa, uniq_edmund, uniq_blork_the_orc

Skill      XL: |  1  2  3  4  5  6  7  8 |
---------------+-------------------------+-----
Axes           | 4 5 6 7 8 9 |  9.7
Fighting       | 5 |  5.0
Spellcasting   | |  1.1
Fire Magic     | |  3.0

Action                   |  1- 3 |  4- 6 |  7- 9 || total
-------------------------+-------+-------+-------++-------
Melee: Hand axe          |    84 |    80 |    84 ||   248
       Punch             |     2 |     1 |       ||     3
 Cast: Scorch            |     6 |    35 |    39 ||    80
  Use: Scroll            |       |    12 |     2 ||    14
       Potion            |       |     1 |     4 ||     5
 Stab: Invisible         |       |       |     1 ||     1
Armor: Ring mail         |    35 |    34 |    37 ||   106
Dodge: Dodged            |    34 |    42 |    85 ||   161
